 Dungeon Crawl Stone Soup version 0.32-a0-928-g1cae6b7ea0 (webtiles) character file.

Game seed: 17049930808793673303

2362 uglyjohn the Destroyer (level 9, -7/74 HPs)
             Began as a White Draconian Conjurer on Apr 12, 2024.
             Mangled by an acid dragon (13 damage)
             ... on level 8 of the Dungeon.
             The game lasted 00:19:49 (8850 turns).

uglyjohn the Destroyer (White Draconian Conjurer)   Turns: 8850, Time: 00:19:50

Health: -7/74      AC:  3    Str:  9    XL:     9   Next: 21%
Magic:  10/16      EV: 12    Int: 24    God:
Gold:   441        SH:  0    Dex:  9    Spells: 14/17 levels left

rFire   + . .        h - staff of fire
rCold   + . .        (no shield)
rNeg    + . .        (body armour unavailable)
rPois   .            (helmet restricted)
rElec   .            (no cloak)
rCorr   .            (no gloves)
SInv    .            (no boots)
Will    .....        o - amulet of magic regeneration
Stlth   ++           E - ring of positive energy
HPRegen 0.32/turn    (no ring)
MPRegen 0.55/turn

%: no passive effects
@: corroded
A: glacial breath, AC +7, unfitting armour, cold resistance 1, cold-blooded
a: Glacial Breath


You were on level 8 of the Dungeon.
You visited 2 branches of the dungeon, and saw 9 of its levels.

You collected 441 gold pieces.

Inventory:

Hand Weapons
 c - a +1 short sword of protection
Missiles
 x - 2 throwing nets
Magical Staves
 h - a staff of fire (weapon)
Jewellery
 o - an amulet of magic regeneration (around neck)
 E - a ring of positive energy (left hand)
 H - a +5 ring of evasion
Wands
 p - a wand of flame (19)
 s - a wand of warping (22)
 y - a wand of polymorph (11)
Scrolls
 e - 8 scrolls of identify
 f - 4 scrolls of poison
 g - 2 scrolls of revelation {unknown}
 i - 2 scrolls of amnesia
 j - a scroll of teleportation {unknown}
 k - a scroll of brand weapon {unknown}
 l - a scroll of fear {unknown}
 n - a scroll of enchant armour {unknown}
 t - a scroll of enchant weapon {unknown}
 u - 2 scrolls of silence
 v - a scroll of fog {unknown}
 A - a scroll of summoning {unknown}
 B - a scroll of noise {unknown}
 F - a scroll of immolation {unknown}
 G - a scroll of vulnerability {unknown}
Potions
 a - 2 potions of magic
 b - a potion of cancellation
 d - 2 potions of degeneration {unknown}
 q - a potion of enlightenment {unknown}
 r - 2 potions of heal wounds {unknown}
 w - 2 potions of brilliance {unknown}
 z - a potion of attraction {unknown}
 C - a potion of invisibility {unknown}
 D - a potion of mutation {unknown}


   Skills:
 + Level 5.1 Fighting
 + Level 4.7 Staves
 + Level 4.7 Dodging
 - Level 1.7 Stealth
 + Level 4.8 Spellcasting
 * Level 8.2 Conjurations
 - Level 1.8 Fire Magic


You had 14 spell levels left.
You knew the following spells:

 Your Spells              Type           Power      Damage    Failure   Level
a - Magic Dart            Conj           100%       1d8       1%          1
b - Searing Ray           Conj           90%        2d7       1%          2

Your spell library contained the following spells:

 Spells                   Type           Power      Damage    Failure   Level
 Fulminant Prism          Conj/Alch      12%        3d8       17%         4
 Iskenderun's Mystic Bla Conj/Tloc 25%            2d7        (+2d3     17%         4
 Summon Blazeheart Golem  Fire/Summ      15%        N/A       52%         4
 Orb of Destruction       Conj           22%        9d8       95%         7
 Spellforged Servitor     Conj/Summ      12%        N/A       100%        7


Dungeon Overview and Level Annotations

Branches:
Dungeon (8/15)             Temple (1/1) D:7
   Lair: D:8-11

Altars:
Ashenzari
Cheibriados
Elyvilon
Fedhas
Gozag
Hepliaklqana
Kikubaaqudgha
Makhleb
Okawaru
Ru
Sif Muna
Trog
Uskayaw
Wu Jian
Yredelemnul
Zin
The Shining One

Shops:
D:5 [


Innate Abilities, Weirdness & Mutations

You can breathe waves of cold which freeze foes solid.
Your icy white scales are hard. (AC +7)
You cannot fit into any form of body armour.
Your flesh is cold resistant. (rC+)
You are cold-blooded and may be slowed by cold attacks.


Message History

(Press . to maintain the ray.)
The acid dragon spits acid at you. The splash of acid hits you!!
The acid corrodes you!
The searing ray hits the acid dragon.
The acid dragon is moderately wounded.
The searing ray hits the acid dragon.
The acid dragon is heavily wounded.
The searing ray hits the acid dragon.
The acid dragon is heavily wounded.
You finish channelling your searing ray.
A wyvern comes into view.
The bullfrog barely misses you.
Casting: Searing Ray (safe; 1% risk of failure)
Confirm with . or Enter, or press ? or * to list all spells.
Aiming: Searing Ray (safe; 1% risk of failure)
Press: ? - help, Shift-Dir - straight line, f/p - acid dragon
Aim: an acid dragon (heavily wounded, 82% to hit)
The searing ray hits the acid dragon but does no damage.
The acid dragon is heavily wounded. (Press . to maintain the ray.)
The bullfrog hits you. The bullfrog closely misses you.
The acid dragon bites you!
The acid dragon claws you but does no damage.
The searing ray hits the acid dragon.
The acid dragon is severely wounded.
The bullfrog hits you. The acid dragon spits acid at you.
The splash of acid hits you!!
* * * LOW HITPOINT WARNING * * *
The searing ray misses the acid dragon.
The bullfrog closely misses you. The bullfrog misses you.
The acid dragon bites you!
* * * LOW HITPOINT WARNING * * *
The acid dragon closely misses you.
Unknown command.
Okay, then.
Okay, then.
You feel better. The bullfrog hits you.
* * * LOW HITPOINT WARNING * * *
The acid dragon bites you!
You die...

##
#####..####
..##..#....#
..........##
..........##
#....##....#
#....##....#
....##....##
.#. #.....#
#. #F@.#.#
#..Dk##.#
.......## .#
......# ..
...... .
......
...... .....


You could see a wyvern, an acid dragon (catching breath) and a bullfrog.

Vanquished Creatures
  Grinder (D:3)
  A steam dragon (D:6)
  2 water moccasins
  Duvessa (D:7)
  An ice beast (D:5)
  A black bear (D:4)
  2 ogres
  A centaur (D:7)
  2 bullfrogs (D:7)
  5 scorpions
  3 wights (D:5)
  Dowan (D:7)
  A hound (D:4)
  2 jellies
  A bombardier beetle (D:3)
  A gnoll bouda (D:6)
  3 orc priests
  3 iguanas
  5 orc wizards
  3 gnolls (D:5)
  9 adders
  A white imp (D:5)
  2 ufetubi (D:6)
  35 orcs
  11 ball pythons
  5 bats
  7 endoplasms
  3 giant cockroaches
  5 hobgoblins
  9 quokkas
  4 frilled lizards
  5 goblins
  5 kobolds
  3 rats
144 creatures vanquished.

Notes
Turn   | Place    | Note
-------+----------+-------------------------------------------
     0 | D:1      | uglyjohn the Draconian Conjurer began the quest for the
                  | Orb.
     0 | D:1      | Reached XP level 1. HP: 14/14 MP: 3/3
   277 | D:1      | Reached XP level 2. HP: 16/20 MP: 5/5
   391 | D:1      | Learned a level 2 spell: Searing Ray
  1226 | D:2      | Reached XP level 3. HP: 25/26 MP: 0/6
  2335 | D:3      | Reached XP level 4. HP: 20/34 MP: 3/7
  2466 | D:3      | Reached skill level 1 in Staves
  2581 | D:3      | Noticed Grinder
  2584 | D:3      | Reached skill level 1 in Fighting
  2588 | D:3      | Paralysed by Grinder for 5 turns
  2728 | D:3      | Paralysed by Grinder for 3 turns
  2736 | D:3      | Killed Grinder
  2737 | D:3      | Reached skill level 5 in Conjurations
  2737 | D:3      | Reached skill level 1 in Fire Magic
  2737 | D:3      | Reached XP level 5. HP: 41/41 MP: 0/9
  3000 | D:3      | Found a shimmering blue altar of Sif Muna.
  3006 | D:3      | Reached XP level 6. HP: 48/48 MP: 5/10
  3793 | D:4      | Your scales start taking on an icy white colour.
  3793 | D:4      | Reduced skill Fire Magic to level 1
  3793 | D:4      | Reached XP level 7. HP: 56/56 MP: 6/11
  3793 | D:4      | Gained mutation: Your flesh is cold resistant. (rC+) [White
                  | Draconian growth]
  4478 | D:5      | Entered Level 5 of the Dungeon
  4738 | D:5      | Reached skill level 6 in Conjurations
  5054 | D:5      | Found Ravuaculu's Armour Shoppe.
  5338 | D:5      | Reached XP level 8. HP: 50/64 MP: 1/13
  6207 | D:5      | Found a hide-covered altar of Uskayaw.
  6688 | D:6      | Reached skill level 7 in Conjurations
  8093 | D:7      | Noticed Dowan
  8095 | D:7      | Noticed Duvessa
  8105 | D:7      | Killed Duvessa
  8109 | D:7      | Killed Dowan
  8112 | D:7      | Reached XP level 9. HP: 8/73 MP: 5/15
  8113 | D:7      | HP: 2/73 [poisoned by a water moccasin]
  8122 | D:7      | Reached skill level 5 in Fighting
  8122 | D:7      | Reached skill level 8 in Conjurations
  8361 | D:7      | Found a staircase to the Ecumenical Temple.
  8504 | D:7      | Found a sacrificial altar of Ru.
  8724 | Temple   | Entered the Ecumenical Temple
  8849 | D:8      | HP: 2/74 [acid dragon (10)]
  8850 | D:8      | Mangled by an acid dragon

Illustrated notes

Levels and vault maps discovered:
D:1:      dpeg_arrival_round_a, layout_loops_corners, kennysheep_nondescript,
          chequers_serial_rivers_small_3
D:2:      layout_loops_ring, serial_forest, infiniplex_forest_zigzag_2,
          infiniplex_forest_zigzag_1, infiniplex_forest_straight_4,
          infiniplex_forest_diagonal, infiniplex_forest_straight_4,
          infiniplex_forest_end_1, infiniplex_forest_lined_4_way
D:3:      layout_rooms, mainiacjoe_overflow_brackets, hangedman_decor_riveting,
          uniq_grinder
D:4:      layout_basic, amcnicky_mini_pool_small
D:5:      layout_layer_cave, mainiacjoe_overflow_cross_hatched, serial_shops,
          nicolae_shop_tiny_glass, chequers_mini_garden
D:6:      layout_loops_corners, st_stairs_9
D:7:      layout_gridville, nicolae_ru_the_path_less_chosen,
          minmay_temple_entry_enclosed_plants, uniq_duvessa
D:8:      layout_cave_pools, nicolae_shop_firing_range
Temple:   compressed_dpeg_circular_temple

Skill      XL: |  1  2  3  4  5  6  7  8  9 |
---------------+----------------------------+-----
Dodging        | 2 3 4 |  4.7
Staves         | 1 2 3 4 |  4.7
Fighting       | 2 3 4 5 |  5.1
Conjurations   | 5 6 7 8 |  8.2
Fire Magic     | 1 1 |  1.8
Spellcasting   | 3 4 |  4.8
Stealth        | |  1.7

Action                     |  1- 3 |  4- 6 |  7- 9 || total
---------------------------+-------+-------+-------++-------
  Melee: Unarmed           |    24 |       |       ||    24
         Tailslap          |    10 |       |     3 ||    13
         Dagger            |     5 |       |       ||     5
         Punch             |     1 |       |       ||     1
         Staff             |    22 |     3 |    45 ||    70
   Cast: Magic Dart        |    75 |    46 |   163 ||   284
         Searing Ray       |       |     9 |    27 ||    36
Ability: Glacial Breath    |       |       |     5 ||     5
  Evoke: Wand              |     2 |     1 |       ||     3
    Use: Scroll            |       |       |     3 ||     3
         Potion            |       |       |     3 ||     3
 Armour: Skin              |    45 |    22 |   116 ||   183
  Dodge: Dodged            |    41 |    13 |    77 ||   131

Table legend: (Time is in decaauts)
 A = Elapsed time spent in this place.
 B = Non-inter-level travel time spent in this place.
 C = Inter-level travel time spent in this place.
 D = Time resting spent in this place.
 E = Time spent auto-exploring this place.
 F = Levels seen in this place.
 G = Mean time per level.
                   A        B        C        D        E       F      G
               +--------+--------+--------+--------+--------+-----+--------+
         Total |   8857 |   8650 |    207 |   1485 |   6166 |   9 |  984.1 |
       Dungeon |   8821 |   8629 |    192 |   1485 |   6166 |   8 | 1102.6 |
        Temple |     35 |     20 |     15 |      0 |      0 |   1 |   35.0 |
               +--------+--------+--------+--------+--------+-----+--------+

Top non-repeatable levels by time:
     D:5: 1939 daAuts
     D:4: 1516 daAuts
     D:6: 1373 daAuts
     D:1: 1161 daAuts
     D:3: 1069 daAuts
     D:2: 879 daAuts
     D:7: 804 daAuts
     D:8: 77 daAuts
  Temple: 35 daAuts
